 Dungeon Crawl Stone Soup version 0.29-a0-214-g17f627cfee (webtiles) character file.

Game seed: 7127918324947236464

144 TrayleKats the Chopper (level 5, -2/47 HPs)
             Began as a Hill Orc Monk on Feb 24, 2022.
             Was a Believer of Beogh.
             Killed by nerve-wracking pain
             ... invoked by an orc priest
              (12 damage)
             ... on level 4 of the Dungeon.
             The game lasted 00:05:07 (4208 turns).

TrayleKats the Chopper (Hill Orc Monk)              Turns: 4208, Time: 00:05:07

Health: -2/47      AC: 10    Str: 16    XL:     5   Next: 26%
Magic:  5/5        EV:  7    Int: 10    God:    Beogh [**....]
Gold:   116        SH:  0    Dex: 13    Spells: 4/4 levels left

rFire   . . .      SeeInvis .   a - +0 hand axe
rCold   . . .      Faith    .   (no shield)
rNeg    . . .      Spirit   .   q - +0 chain mail
rPois   .          Reflect  .   (no helmet)
rElec   .          Harm     .   t - +0 cloak
rCorr   .          Rampage  .   e - +0 pair of gloves
Will    .....                   (no boots)
Stlth   ..........              (no amulet)
HPRegen 0.15/turn               (no ring)
MPRegen 0.09/turn               (no ring)

@: no status effects
A: no striking features
a: Renounce Religion, Smiting


You were on level 4 of the Dungeon.
You worshipped Beogh.
Beogh was pleased with you.
You visited 1 branch of the dungeon, and saw 4 of its levels.

You collected 116 gold pieces.

Inventory:

Hand Weapons
 a - a +0 hand axe (weapon)
Armour
 e - a +0 pair of gloves (worn)
 q - a +0 chain mail (worn)
 t - a +0 cloak (worn)
Jewellery
 j - a ring of flight
 r - an amulet of the acrobat
Scrolls
 b - a scroll of noise {unknown}
 c - a scroll of blinking {unknown}
 d - 3 scrolls of teleportation {unknown}
 f - 2 scrolls of fog {unknown}
 h - a scroll of vulnerability {unknown}
 n - a scroll of fear {unknown}
 o - a scroll of magic mapping {unknown}
 p - 3 scrolls of identify {unknown}
Potions
 g - a potion of magic {unknown}
 k - a potion of might {unknown}
 l - a potion of brilliance {unknown}
 m - a potion of degeneration {unknown}
 s - 2 potions of heal wounds {unknown}


   Skills:
 + Level 4.6 Fighting
 * Level 7.0 Axes
 - Level 2.4 Dodging
 - Level 1.5 Stealth


You had 4 spell levels left.
You didn't know any spells.
Your spell library contained the following spells:

 Spells                   Type           Power      Damage    Failure   Level
 Sting                    Tmut/Pois      0%         1d3       100%        1
 Blink                    Tloc           0%         N/A       100%        2
 Poisonous Vapours        Pois/Air       0%         N/A       100%        2
 Ignite Poison            Fire/Tmut/Pois 0%         N/A       100%        3
 Lesser Beckoning         Tloc           0%         N/A       100%        3
 Mephitic Cloud           Conj/Pois/Air  0%         N/A       100%        3
 Hailstorm                Conj/Ice       0%         3d3       100%        4
 Ice Form                 Ice/Tmut       0%         N/A       100%        4
 Olgreb's Toxic Radiance  Pois           0%         N/A       100%        4
 Freezing Cloud           Conj/Ice/Air   0%         6-21      100%        5
 Manifold Assault         Tloc           0%         N/A       100%        5
 Simulacrum               Ice/Necr       0%         N/A       100%        6


Dungeon Overview and Level Annotations

Branches:
Dungeon (4/15)
 Temple: D:4-7

Altars:
Ashenzari
Kikubaaqudgha
Trog


Message History

You drop a +0 scale mail.
There is a stone staircase leading down here.
You climb downwards.
There is a stone staircase leading up here.
You hit the orc priest.
The orc priest is lightly wounded.
The orc priest hits you with a +0 mace.
You hit the orc priest but do no damage.
The orc priest is lightly wounded.
The orc priest hits you with a +0 mace.
You closely miss the orc priest.
The orc priest is lightly wounded.
The orc priest hits you with a +0 mace.
You hit the orc priest.
The orc priest is heavily wounded.
The orc priest hits you with a +0 mace.
You barely miss the orc priest.
The orc priest is heavily wounded.
The orc priest calls down the wrath of Beogh upon you.
Beogh smites you!
You hit the orc priest but do no damage.
The orc priest is heavily wounded.
The orc priest looks satisfied for a moment.
You hit the orc priest but do no damage.
The orc priest is heavily wounded.
The orc priest hits you but does no damage.
You hit the orc priest.
The orc priest is severely wounded.
The orc priest hits you with a +0 mace.
You hit the orc priest.
The orc priest is almost dead.
The orc priest mumbles some strange prayers to Beogh against you.
Beogh smites you!
* * * LOW HITPOINT WARNING * * *
You hit the orc priest.
The orc priest is almost dead.
The orc priest mumbles some strange prayers to Beogh against you.
Pain shoots through your body!
You die...
Beogh appreciates the orc priest's killing of a heretic priest.

#.# #.# #.# #.# #.#
...#)#####.####.####
......)............#
######..###o###.##.#
#..# #@# #..# #.#
#..# #.. #..# ##..
#.o# .## #.o# .# .#
.#


You could see an orc priest.

Vanquished Creatures
  3 orc priests
  3 adders (D:3)
  2 dart slugs
  An orc (D:3)
  5 bats
  4 endoplasms
  4 giant cockroaches
  3 goblins
  5 hobgoblins
  2 jackals (D:2)
  A quokka (D:2)
  2 ball pythons
  2 frilled lizards (D:1)
  10 kobolds
  3 rats
50 creatures vanquished.

Vanquished Creatures (others)
  An orc priest (D:4)
  A goblin (D:1)
2 creatures vanquished.

Grand Total: 52 creatures vanquished

Notes
Turn   | Place    | Note
-------+----------+-------------------------------------------
     0 | D:1      | TrayleKats the Hill Orc Monk began the quest for the Orb.
     0 | D:1      | Reached XP level 1. HP: 19/19 MP: 1/1
   101 | D:1      | Found a faded altar of an unknown god.
   133 | D:1      | Reached XP level 2. HP: 6/27 MP: 2/2
  1111 | D:2      | Found a bloodstained altar of Trog.
  1119 | D:2      | Reached skill level 5 in Axes
  1272 | D:2      | Reached XP level 3. HP: 25/33 MP: 3/3
  2490 | D:3      | Found an ancient bone altar of Kikubaaqudgha.
  2759 | D:3      | Found a broken altar of Ashenzari.
  2944 | D:3      | Reached XP level 4. HP: 36/40 MP: 4/4
  3035 | D:3      | Reached skill level 6 in Axes
  3573 | D:4      | Became a worshipper of Beogh the Brigand
  3573 | D:4      | Reached * piety under Beogh
  3573 | D:4      | Reached ** piety under Beogh
  3971 | D:3      | Reached skill level 7 in Axes
  3971 | D:3      | Reached XP level 5. HP: 17/47 MP: 1/5
  4208 | D:4      | Killed from afar by an orc priest

Illustrated notes

Levels and vault maps discovered:
D:1:      doesnt_arrival_eight_statues, layout_loops_ring,
          shapermc_ecumenical_altar_starsandcircs
D:2:      layout_loops_corners, basic_altar
D:3:      layout_loops_cross, mainiacjoe_overflow_chevrons,
          nicolae_kikubaaqudgha_miasma_corner, st_stairs_2,
          minmay_misc_feat_enclosed
D:4:      gammafunk_wand_slinger, layout_loops_ring,
          nicolae_overflow_hidden_temple, overflow_temple_1_default,
          minmay_temple_entry_from_below_a, uniq_pikel

Skill      XL: |  1  2  3  4 |
---------------+-------------+-----
Fighting       | 4 |  4.6
Axes           | 5 7 |  7.0
Dodging        | |  2.4
Stealth        | |  1.5

Action                   |  1- 3 |  4- 6 || total
-------------------------+-------+-------++-------
Melee: Hand axe          |   149 |    60 ||   209
       Punch             |     1 |       ||     1
Invok: Smiting           |       |     1 ||     1
       Convert to Beogh  |       |     1 ||     1
 Stab: Sleeping          |     2 |       ||     2
Armor: Robe              |    20 |       ||    20
       Chain mail        |    52 |    22 ||    74
Dodge: Dodged            |    69 |    14 ||    83

Table legend: (Time is in decaauts)
 A = Elapsed time spent in this place.
 B = Non-inter-level travel time spent in this place.
 C = Inter-level travel time spent in this place.
 D = Time resting spent in this place.
 E = Time spent auto-exploring this place.
 F = Levels seen in this place.
 G = Mean time per level.
                   A        B        C        D        E       F      G
               +--------+--------+--------+--------+--------+-----+--------+
         Total |   4216 |   4097 |    119 |   1224 |   2365 |   4 | 1054.0 |
       Dungeon |   4216 |   4097 |    119 |   1224 |   2365 |   4 | 1054.0 |
               +--------+--------+--------+--------+--------+-----+--------+

Top non-repeatable levels by time:
     D:3: 1825 daAuts
     D:2: 1263 daAuts
     D:1: 1083 daAuts
     D:4: 44 daAuts
